 Dungeon Crawl Stone Soup version 0.24-a0-307-gf989941 (webtiles) character file.

Game seed: 12953598404045519304

329 MisterFreud the Sneak (level 6, -4/36 HPs)
             Began as an Octopode Air Elementalist on May 12, 2019.
             Slain by a mummy (7 damage)
             ... in an ossuary.
             The game lasted 00:13:37 (4480 turns).

MisterFreud the Sneak (Octopode Air Elementalist)   Turns: 4480, Time: 00:13:37

Health: -4/36      AC:  1    Str:  7    XL:     6   Next: 51%
Magic:  14/18      EV: 14    Int: 20    God:
Gold:   210        SH:  0    Dex: 12    Spells: 2/9 levels left

rFire    . . .     SeeInvis .   j - +1 dagger (elec)
rCold    . . .     Gourm    .   (no shield)
rNeg     . . .     Faith    +   (helmet restricted)
rPois    .         Spirit   .   k - amulet of faith
rElec    .         Reflect  .   e - ring of magical power
rCorr    .         Harm     .   (no ring)
MR       .....                  (no ring)
Stlth    ++++......             (no ring)
HPRegen  0.12/turn              (no ring)
MPRegen  0.16/turn              (no ring)
                                (no ring)
                                (no ring)

@: no status effects
A: almost no armour, stealthy swim, amphibious, 8 rings, constrict 8, camouflage
1, gelatinous body 1
a: no special abilities


You were in an ossuary.
You were hungry.

You visited 1 branch of the dungeon, and saw 4 of its levels.
You also visited: Ossuary.

You collected 210 gold pieces.

Inventory:

Hand Weapons
 h - a +1 dagger of venom
 j - a +1 dagger of electrocution (weapon)
Missiles
 f - 17 bolts
 g - 103 stones (quivered)
 l - 21 poisoned darts
Jewellery
 e - a ring of magical power (left tentacle)
 k - an amulet of faith (around mantle)
 p - an uncursed ring of magical power
Scrolls
 c - 2 scrolls of enchant armour
 i - a scroll of remove curse
Potions
 a - a potion of haste
 d - a potion of magic
 m - a potion of curing {unknown}
 n - a potion of might {unknown}
 o - a potion of mutation {unknown}
 r - a potion of flight {unknown}
Comestibles
 b - 5 rations


   Skills:
 + Level 2.6 Dodging
 - Level 6.1 Stealth
 - Level 2.0 Spellcasting
 - Level 4.0 Conjurations
 - Level 4.0 Air Magic


You had 2 spell levels left.
You knew the following spells:

 Your Spells              Type           Power        Failure   Level  Hunger
a - Shock                 Conj/Air       ###.         3%          1    #......
b - Swiftness             Chrm/Air       ##......     11%         2    ##.....
c - Airstrike             Air            ###.......   30%         4    #####..

Your spell library contained the following spells:

 Spells                   Type           Power        Failure   Level  Hunger
 Static Discharge         Conj/Air       ###.....     9%          3    ###....
 Lightning Bolt           Conj/Air       ###.......   63%         5    ######.


Dungeon Overview and Level Annotations

Branches:
Dungeon (4/15)
 Temple: D:4-7

Altars:

Annotations:
D:4 Sigmund


Innate Abilities, Weirdness & Mutations

You cannot wear most types of armour.
You are very stealthy in the water. (Stealth+)
You are amphibious.
You can wear up to eight rings at the same time.
You can use your tentacles to constrict eight enemies at once.
Your skin changes colour to match your surroundings (Stealth+).
Your rubbery body absorbs attacks. (AC +1, EV +1)


Message History

Press: ? - help, Shift-Dir - straight line, f/p - mummy
Aim: a mummy (moderately damaged)
The zap hits the mummy.
The mummy is heavily damaged.
The mummy barely misses you.
Casting: Shock (safe; 3% risk of failure)
Confirm with . or Enter, or press ? or * to list all spells.
Aiming: Shock (safe; 3% risk of failure)
Press: ? - help, Shift-Dir - straight line, f/p - mummy
Aim: a mummy (heavily damaged)
The zap misses the mummy.
Casting: Shock (safe; 3% risk of failure)
Confirm with . or Enter, or press ? or * to list all spells.
Aiming: Shock (safe; 3% risk of failure)
Press: ? - help, Shift-Dir - straight line, f/p - mummy
Aim: a mummy (heavily damaged)
The zap hits the mummy.
The mummy is severely damaged.
The mummy hits you!
You die...

#..................#
#................##
#..............##
#+##........##+#
##......## ##....##
#....# #M...# #@...#
#....# #....# #....#
#....# #.∩∩.# ######


You could see a mummy.

Vanquished Creatures
  3 orc wizards (D:3)
  An orc priest (D:3)
  A big kobold zombie (Ossuary)
  6 mummies (Ossuary)
  A gnoll (D:3)
  2 oozes (D:3)
  2 worms
  3 leopard geckos
  7 orcs
  9 bats
  3 giant cockroaches
  8 goblins
  6 hobgoblins
  17 jackals
  6 kobolds
  2 quokkas (D:3)
  A ball python (D:3)
  2 frilled lizards
  3 gnoll zombies (Ossuary)
  2 hobgoblin zombies (Ossuary)
  2 orc zombies (Ossuary)
  8 rats
95 creatures vanquished.

Notes
Turn   | Place    | Note
-------+----------+-------------------------------------------
     0 | D:1      | MisterFreud the Octopode Air Elementalist began the quest
                  | for the Orb.
     0 | D:1      | Reached XP level 1. HP: 11/11 MP: 3/3
   213 | D:1      | Reached XP level 2. HP: 17/17 MP: 5/5
   979 | D:1      | Learned a level 2 spell: Swiftness
  1064 | D:2      | Reached XP level 3. HP: 21/21 MP: 3/6
  1564 | D:2      | Reached skill level 3 in Stealth
  1837 | D:2      | Reached XP level 4. HP: 27/27 MP: 7/7
  2148 | D:3      | Reached XP level 5. HP: 26/31 MP: 8/8
  2636 | D:2      | Learned a level 4 spell: Airstrike
  2643 | D:3      | Reached skill level 4 in Stealth
  3294 | D:3      | Reached skill level 5 in Stealth
  3295 | D:3      | HP: 1/31 [orc/+0 trident (8)]
  3357 | D:3      | HP: 1/31 [orc/+0 trident (6)]
  3412 | D:3      | HP: 1/31 [orc/+0 morningstar (6)]
  3905 | D:3      | Reached XP level 6. HP: 33/36 MP: 9/9
  4066 | D:4      | Noticed Sigmund
  4260 | D:4      | Found a sand-covered staircase.
  4283 | Ossuary  | Entered an ossuary
  4370 | Ossuary  | Reached skill level 6 in Stealth
  4460 | Ossuary  | HP: 1/36 [mummy (10)]
  4480 | Ossuary  | Slain by a mummy

Levels and vault maps discovered:
D:1:      dpeg_arrival_tiny_d, layout_rooms
D:2:      layout_basic
D:3:      layout_loops_corners, minmay_tree_intersection, minmay_quadrilaterals
D:4:      layout_cave_pools, serial_shops, nicolae_shop_crystal, first_ration,
          gammafunk_ghost_split, nicolae_ossuary_entry_false_entrances,
          kennysheep_decorative_pillar, minmay_bent, uniq_ijyb, uniq_sigmund,
          uniq_blork_the_orc
Ossuary:  ossuary_tomb_3

Skill      XL: |  1  2  3  4  5  6 |
---------------+-------------------+-----
Conjurations   | 2 3 4 |  4.0
Stealth        | 3 5 6 |  6.1
Air Magic      | 4 |  4.0
Dodging        | |  2.6
Spellcasting   | |  2.0

Action                   |  1- 3 |  4- 6 || total
-------------------------+-------+-------++-------
Melee: Unarmed           |    24 |       ||    24
       Constrict         |    30 |    25 ||    55
       Tentacles         |    12 |    18 ||    30
       Dagger            |    65 |   115 ||   180
 Cast: Shock             |    10 |    18 ||    28
  Use: Scroll            |     8 |     3 ||    11
 Stab: Sleeping          |     6 |     9 ||    15
  Eat: Chunk             |     3 |     8 ||    11
Armor: Skin              |    16 |    13 ||    29
Dodge: Dodged            |    62 |    70 ||   132

Table legend:
 A = Non-vault XP
 B = Vault XP
 C = Vault XP percentage of total XP
 D = Non-vault monster count
 E = Vault monster count
 F = Vault count percentage of total count
                 A         B        C        D         E       F
            +---------+---------+-------+---------+---------+-------
      Total |     302 |     169 |  35.9 |      76 |      19 |  20.0
            +---------+---------+-------+---------+---------+-------
        D:1 |      27 |       0 |   0.0 |      16 |       0 |   0.0
        D:2 |      63 |       0 |   0.0 |      32 |       0 |   0.0
        D:3 |     206 |      24 |  10.4 |      25 |       5 |  16.7
        D:4 |       6 |       0 |   0.0 |       3 |       0 |   0.0
    Ossuary |       0 |     145 | 100.0 |       0 |      14 | 100.0
            +---------+---------+-------+---------+---------+-------
